 Dungeon Crawl Stone Soup version 0.25.1-1-g288607f5aa (webtiles) character file.

Game seed: 16261752009307371449

81 Curus the Cudgeler (level 4, -7/39 HPs)
             Began as a Minotaur Berserker on July 23, 2020.
             Was a Believer of Trog.
             Mangled by a gnoll
             ... wielding a +0 halberd
              (11 damage)
             ... on level 2 of the Dungeon.
             The game lasted 00:05:35 (1170 turns).

Curus the Cudgeler (Minotaur Berserker)             Turns: 1170, Time: 00:05:36

Health: -7/39      AC:  8    Str: 22    XL:     4   Next: 20%
Magic:  3/3        EV:  8    Int:  5    God:    Trog [**....]
Gold:   79         SH:  0    Dex:  9    Spells: 3/3 levels left

rFire    . . .     SeeInvis .   a - +0 mace
rCold    . . .     Gourm    .   (no shield)
rNeg     . . .     Faith    .   f - +0 chain mail
rPois    .         Spirit   .   (helmet restricted)
rElec    .         Reflect  .   (no cloak)
rCorr    .         Harm     .   (no gloves)
MR       .....                  (no boots)
Stlth    ..........             g - amulet of inaccuracy (curse)
HPRegen  0.13/turn              e - ring of wizardry (curse)
MPRegen  0.08/turn              (no ring)

@: berserk cooldown, slowed, very slow
A: retaliatory headbutt, horns 2
a: Berserk, Trog's Hand, Renounce Religion


You were on level 2 of the Dungeon.
You worshipped Trog.
Trog was pleased with you.
You were hungry.

You visited 1 branch of the dungeon, and saw 2 of its levels.

You collected 79 gold pieces.

Inventory:

Hand Weapons
 a - a +0 mace (weapon)
Armour
 b - a +0 animal skin
 f - a +0 chain mail (worn)
Jewellery
 e - a cursed ring of wizardry (left hand)
 g - a cursed amulet of inaccuracy (around neck)
Scrolls
 i - 2 scrolls of magic mapping
Potions
 d - a potion of heal wounds
 h - a potion of flight
Comestibles
 c - 3 rations
 j - a chunk of flesh


   Skills:
 - Level 3.6 Fighting
 + Level 6.1 Maces & Flails
 - Level 2.4 Armour
 - Level 2.1 Dodging


You had 3 spell levels left.
You didn't know any spells.
Your spell library was empty.

Dungeon Overview and Level Annotations

Branches:
Dungeon (2/15)

Altars:


Innate Abilities, Weirdness & Mutations

You reflexively headbutt those who attack you in melee.
You have a pair of horns on your head.


Message History

* * * LOW HITPOINT WARNING * * *
You barely miss the gnoll. The gnoll hits you but does no damage.
You thump the gnoll!
The gnoll is almost dead.
The gnoll hits you with a +0 whip.
* * * LOW HITPOINT WARNING * * *
You closely miss the gnoll.
The gnoll is almost dead.
The gnoll hits you from afar with a +0 halberd.
* * * LOW HITPOINT WARNING * * *
The gnoll hits you but does no damage.
You hit the gnoll.
You kill the gnoll!
Trog accepts your kill.
You are no longer berserk.
You are exhausted.
You feel yourself slow down. The gnoll barely misses you.
You furiously retaliate!
You headbutt the gnoll. The gnoll hits you with a +0 halberd!
You die...

*,*****,* ####### *,* *,*
#.....# *,* *,* #.###.# *,* *,*
##.###.#
******,****#.############.......
*,,,,.,,,,,.....................
*,***#.###**######.####.......##
*,***..?..########.####.......##
*>,,,,........g@.)....'.........
*****.g##...##.###.####......#..
*..[.............##......#..
*........#####.#.##......#..
*#..<..#.......#.##......###
#....,#########(##......#
**#...,,* ##.....##......#
*,...,,,* #....(.........#
*,..,,*,* #...†..........#


You could see a gnoll.

Vanquished Creatures
  2 gnolls (D:2)
  An adder (D:2)
  An ooze (D:2)
  2 dart slugs (D:2)
  A leopard gecko (D:1)
  5 goblins
  5 hobgoblins
  6 jackals (D:1)
  7 bats
  A frilled lizard (D:1)
  7 kobolds
  7 rats
45 creatures vanquished.

Notes
Turn   | Place    | Note
-------+----------+-------------------------------------------
     0 | D:1      | Curus the Minotaur Berserker began the quest for the Orb.
     0 | D:1      | Reached XP level 1. HP: 19/19 MP: 0/0
   112 | D:1      | Reached skill level 4 in Maces & Flails
   215 | D:1      | Reached XP level 2. HP: 26/26 MP: 1/1
   472 | D:1      | Reached skill level 5 in Maces & Flails
   499 | D:1      | Reached ** piety under Trog
   500 | D:1      | Reached XP level 3. HP: 31/31 MP: 2/2
  1163 | D:2      | Reached skill level 6 in Maces & Flails
  1163 | D:2      | Reached XP level 4. HP: 20/39 MP: 3/3
  1170 | D:2      | Mangled by a gnoll

Illustrated notes

Levels and vault maps discovered:
D:1:      tarquinn_simple_flora_water_d, layout_loops_ring
D:2:      layout_basic

Skill      XL: |  1  2  3 |
---------------+----------+-----
Maces & Flails | 4 5 6 |  6.1
Fighting       | |  3.6
Armour         | |  2.4
Dodging        | |  2.1

Action                   |  1- 3 |  4- 6 || total
-------------------------+-------+-------++-------
Melee: Mace              |    94 |     6 ||   100
       Headbutt          |    11 |       ||    11
Invok: Berserk           |     1 |       ||     1
  Use: Scroll            |     4 |       ||     4
       Potion            |     4 |       ||     4
  Eat: Chunk             |     1 |       ||     1
Armor: Animal skin       |    21 |       ||    21
       Chain mail        |    10 |     3 ||    13
Dodge: Dodged            |    60 |     2 ||    62
